 Dungeon Crawl Stone Soup version 0.28.0-45-g0d030f2227 (webtiles) character file.

Game seed: 17339756740339918032

65 RascalDebosk the Skirmisher (level 3, -6/31 HPs)
             Began as a Palentonga Abyssal Knight on Apr 16, 2022.
             Was a Follower of Lugonu.
             Mangled by an orc wizard
             ... wielding a +1 dagger of electrocution
              (14 damage)
             ... on level 3 of the Dungeon on Apr 17, 2022.
             The game lasted 00:18:47 (2114 turns).

RascalDebosk the Skirmisher (PaAK)                  Turns: 2114, Time: 00:18:49

Health: -6/31      AC:  5    Str: 18    XL:     3   Next: 94%
Magic:  4/4        EV:  9    Int: 10    God:    Lugonu [*.....]
Gold:   71         SH:  0    Dex: 10    Spells: 2/2 levels left

rFire   . . .      SeeInvis +   a - +1 hand axe
rCold   . . .      Faith    .   (no shield)
rNeg    . . .      Spirit   .   b - +0 leather armour
rPois   .          Reflect  .   c - +1 hat
rElec   .          Harm     .   (no cloak)
rCorr   .          Rampage  .   (no gloves)
Will    .....                   (no barding)
Stlth   +.........              (no amulet)
HPRegen 0.10/turn               (no ring)
MPRegen 0.09/turn               (no ring)

@: no status effects
A: large, rugged brown scales 3, see invisible, deformed body, roll 1, armoured
tail
a: Rolling Charge, Renounce Religion, Depart the Abyss


You were on level 3 of the Dungeon.
You worshipped Lugonu.
Lugonu was aware of your devotion.
You visited 1 branch of the dungeon, and saw 3 of its levels.
You visited the Abyss 1 time.

You collected 126 gold pieces.
You spent 55 gold pieces at shops.

Inventory:

Hand Weapons
 a - a +1 hand axe (weapon)
Armour
 b - a +0 leather armour (worn)
 c - a +1 hat (worn)
Scrolls
 d - 4 scrolls of identify
 f - a scroll of blinking {unknown}
 g - a scroll of teleportation {unknown}
 h - a scroll of fear {unknown}
 j - a scroll of noise
 k - a scroll of enchant armour {unknown}
 l - a scroll of enchant weapon {unknown}
Potions
 e - a potion of lignification
 i - 2 potions of heal wounds


   Skills:
 + Level 3.3 Fighting
 + Level 2.4 Axes
 + Level 0.9 Throwing
 + Level 2.0 Armour
 + Level 0.8 Dodging
 + Level 2.6 Invocations
 + Level 1.0 Evocations


You had 2 spell levels left.
You didn't know any spells.
Your spell library contained the following spells:

 Spells                   Type           Power      Damage    Failure   Level
 Magic Dart               Conj           0%         1d3       41%         1
 Call Imp                 Summ           0%         N/A       56%         2
 Mephitic Cloud           Conj/Pois/Air  0%         N/A       80%         3


Dungeon Overview and Level Annotations

Branches:
Dungeon (3/15)

Altars:
Nemelex Xobeh

Shops:
D:2 ?


Innate Abilities, Weirdness & Mutations

You are completely covered in rugged brown scales. (AC +3, +7% HP)
You have supernaturally acute eyesight. (SInv)
Armour fits poorly on your strangely shaped body.
You can roll at nearby foes to attack.
You have a long armoured tail.


Message History

You tail-slap the orc wizard, but do no damage.
The orc wizard is almost dead.
You hit the orc. You closely miss the orc.
The orc wizard points at you and mumbles some strange words.
The magic dart hits you. The orc hits you with a +0 dagger.
The orc barely misses you.
The orc wizard points at you and mumbles some strange words.
You are confused.
You bump into the rock wall.
You're too confused to move!
The orc hits you with a +0 whip.
The orc wizard mumbles some strange words.
The orc wizard flickers and vanishes for a moment.
You closely miss the orc.
The orc is almost dead.
The orc wizard casts a spell at you. The puff of flame hits you.
* * * LOW HITPOINT WARNING * * *
You miss the orc.
Your tail-slap misses the orc.
The orc is heavily wounded.
You hit the orc.
You kill the orc!
Lugonu accepts your kill.
Your Armour skill increases to level 2!
You're too confused to move!
You feel less confused.
You hit the orc wizard.
The orc wizard is heavily wounded.
The orc wizard closely misses you.
You miss the orc wizard.
The orc wizard is heavily wounded.
The orc wizard points at you and mumbles some strange words.
The magic dart hits you.
* * * LOW HITPOINT WARNING * * *
You hit the orc.
You kill the orc!
Lugonu accepts your kill.
You closely miss the orc wizard.
The orc wizard hits you but does no damage.
You are electrocuted!
You die...

#####...####....#.#
........####.##.#.#
######..#.......#.#
#.......#..#.#
#.#.###.####.#
#............#
#.#.###......# #
#.#.#######.##.#
#.#........@o..#
..#########)#### ..
#.o...# #.....#
#.....# #.....#
##..... #..####
#..#


You could see 2 orc wizards.

Vanquished Creatures
  An adder (D:2)
  2 worms (D:2)
  2 orcs (D:3)
  6 ball pythons
  3 endoplasms
  2 giant cockroaches (D:1)
  4 goblins
  3 hobgoblins
  3 jackals (D:1)
  A quokka (D:2)
  6 bats
  5 frilled lizards
  5 kobolds
  5 rats
48 creatures vanquished.

Notes
Turn   | Place    | Note
-------+----------+-------------------------------------------
     0 | Abyss:1  | RascalDebosk the Palentonga Abyssal Knight began the quest
                  | for the Orb.
     0 | Abyss:1  | Reached XP level 1. HP: 19/19 MP: 2/2
     0 | D:1      | Escaped the Abyss
   228 | D:1      | Reached XP level 2. HP: 23/25 MP: 3/3
   477 | D:1      | Reached * piety under Lugonu
   485 | D:1      | Found a faded altar of an unknown god.
   648 | D:2      | Reached XP level 3. HP: 30/31 MP: 4/4
   883 | D:2      | Found a sparkling altar of Nemelex Xobeh.
  1497 | D:2      | Reached skill level 1 in Evocations
  1812 | D:2      | Found Emyduss's Magic Scroll Boutique.
  1815 | D:2      | Bought a scroll of identify for 22 gold pieces
  1815 | D:2      | Bought a scroll of identify for 22 gold pieces
  1815 | D:2      | Bought a scroll of noise for 11 gold pieces
  2114 | D:3      | Mangled by an orc wizard

Illustrated notes

Levels and vault maps discovered:
D:1:      dpeg_arrival_rooms_a, layout_rooms, basic_ecumenical_altar
D:2:      layout_loops_ring, serial_shops, nicolae_shop_behind_doors,
          basic_altar
D:3:      layout_basic, grunt_temple_overflow_forces_of_nature

Skill      XL: |  1  2  3 |
---------------+----------+-----
Evocations     | 1 |  1.0
Armour         | 2 |  2.0
Fighting       | |  3.3
Axes           | |  2.4
Throwing       | |  0.9
Dodging        | |  0.8
Invocations    | |  2.6

Action                   || total
-------------------------++-------
Melee: Hand axe          ||   119
       Tailslap          ||    12
       Punch             ||     1
Invok: Depart the Abyss  ||     1
 Abil: Rolling Charge    ||     8
  Use: Scroll            ||     2
Armor: Leather armour    ||    45
Dodge: Dodged            ||    68
